 Dungeon Crawl Stone Soup version 0.30-a0-586-g23e55c9e0a (webtiles) character file.

Game seed: 17500306489515830679

3069 Dirtsage the Changer (level 9, -3/69 HPs)
             Began as an Octopode Transmuter on Jan 3, 2023.
             Was an Initiate of the Shining One.
             Slain by a wyvern (13 damage)
             ... on level 8 of the Dungeon.
             The game lasted 00:18:28 (7558 turns).

Dirtsage the Changer (Octopode Transmuter)          Turns: 7558, Time: 00:18:28

Health: -3/69      AC:  8    Str:  9    XL:     9   Next: 88%
Magic:  8/12       EV: 10    Int: 19    God:    the Shining One [......]
Gold:   427        SH:  0    Dex: 13    Spells: 0/12 levels left

rFire   x . .      SeeInvis .      - Unarmed
rCold   + + +      Faith    .    (shield currently unavailable)
rNeg    + . .      Spirit   .    (helmet currently unavailable)
rPois   +          Reflect  .    p - amulet of regeneration
rElec   .          Harm     .    N - ring of positive energy
rCorr   .          Rampage  .    (no ring)
Will    .....                    (no ring)
Stlth   +                        (no ring)
HPRegen 1.11/turn                (no ring)
MPRegen 0.13/turn                (no ring)
                                 (no ring)
                                 (no ring)

@: ice-form, glowing
A: freezing attack, boosted hp, almost no armour, amphibious, 8 rings, large,
(camouflage 1), (gelatinous body 1), (nimble swimmer 1), (tentacles)
a: End Transformation, Renounce Religion


You were on level 8 of the Dungeon.
You worshipped the Shining One.
The Shining One was noncommittal.
You were a creature of crystalline ice.
You visited 2 branches of the dungeon, and saw 10 of its levels.
You also visited: Ossuary.

You collected 427 gold pieces.

Inventory:

Magical Staves
 s - a staff of air
Jewellery
 p - an amulet of regeneration (around neck)
 t - a ring of ice
 N - a ring of positive energy (left front paw)
Scrolls
 b - 5 scrolls of fog {unknown}
 c - 2 scrolls of enchant weapon {unknown}
 d - 2 scrolls of teleportation {unknown}
 f - 4 scrolls of amnesia {unknown}
 g - 2 scrolls of fear
 j - a scroll of torment {unknown}
 k - 2 scrolls of noise {unknown}
 o - 2 scrolls of vulnerability {unknown}
 r - a scroll of butterflies {unknown}
 v - 2 scrolls of brand weapon {unknown}
 w - a scroll of enchant armour {unknown}
Potions
 a - a potion of lignification
 e - 8 potions of curing {unknown}
 h - 3 potions of haste
 i - a potion of invisibility {unknown}
 l - 2 potions of heal wounds
 m - 4 potions of degeneration
 n - 4 potions of mutation
 q - a potion of berserk rage
 u - 2 potions of flight
 x - a potion of magic
 z - a potion of cancellation {unknown}


   Skills:
 + Level 4.1 Fighting
 - Level 2.0 Dodging
 * Level 5.9 Unarmed Combat
 - Level 2.0 Spellcasting
 * Level 3.9 Conjurations
 - Level 7.3 Transmutations
 + Level 6.7 Ice Magic
 * Level 4.5 Air Magic


You couldn't memorise any spells.
You knew the following spells:

 Your Spells              Type           Power      Damage    Failure   Level
a - Beastly Appendage     Tmut           58%        N/A       1%          1
b - Wereblood             Tmut           29%        N/A       1%          2
c - Ice Form              Ice/Tmut       28%        N/A       10%         4
d - Freezing Cloud        Conj/Ice/Air   10%        6-21      52%         5

Your spell library contained the following spells:

 Spells                   Type           Power      Damage    Failure   Level
 Hailstorm                Conj/Ice       22%        3d7       6%          3
 Spider Form              Tmut/Pois      15%        N/A       11%         3
 Dazzling Flash           Conj/Hex       18%        N/A       22%         3
 Gell's Gravitas          Tloc           1%         N/A       45%         3
 Teleport Other           Tloc           1%         N/A       45%         3
 Silence                  Hex/Air        5%         N/A       88%         5
 Agony                    Necr           1%         N/A       99%         5
 Dispersal                Tloc           0%         N/A       100%        6
 Simulacrum               Ice/Necr       7%         N/A       100%        6
 Summon Cactus Giant      Summ           0%         N/A       100%        6


Dungeon Overview and Level Annotations

Branches:
Dungeon (9/15)             Temple (1/1) D:5         Ossuary (visited)
   Lair: D:8-11         Orc: D:9-12

Altars:
Ashenzari
Cheibriados
Dithmenos
Elyvilon
Fedhas
Gozag
Hepliaklqana
Kikubaaqudgha
Makhleb
Nemelex Xobeh
Okawaru
Qazlal
Ru
Sif Muna
Trog
Uskayaw
Vehumet
Wu Jian
Xom
Yredelemnul
Zin
The Shining One

Annotations:
D:5 2 runed translucent doors, ThereIsNoGod's ghost, novice OpFi


Innate Abilities, Weirdness & Mutations

You are a creature of crystalline ice.
You have a powerful freezing melee attack.
Your maximum health is increased.
Your armour is entirely melded.
You are incapable of wielding weapons or throwing items.
You cannot wear most types of armour.
You are amphibious.
You can wear up to eight rings at the same time.
((Your skin changes colour to match your surroundings (Stealth+).))
((Your rubbery body absorbs attacks. (AC +1, EV +1)))
((You are camouflaged when in or above water. (Stealth+)))
((You have tentacles for arms and can constrict up to eight enemies at once.))


Message History

Memorise Freezing Cloud, consuming 5 spell levels and leaving 0?
You start memorising the spell.
You continue memorising. x5
You finish memorising.
Spell assigned to 'd'.
Your transformation is almost over.
m - 4 potions of degeneration (gained 1)
You warm up again.
You open the door.
There is an open door here.
You see here a +0 club.
Done exploring.
You now have 58/58 hp.
Done exploring.
There is a stone staircase leading down here.
You climb downwards.
Found a spear and 2 stones.
Found a stone staircase leading up.
There is a stone staircase leading up here.
Casting: Ice Form (dangerous; 10% risk of failure)
Press: ? - help, Q - select action, (/) - cycle Dir - look around, f - activate You turn into a creature of crystalline ice.
The steam dragon hisses angrily.
The steam dragon breathes steam at you. The ball of steam hits you!!
The steam scalds you terribly!
You take 17 damage, and have 41/69 hp.
MASSIVE DAMAGE!!
You now have 8/12 mp.
You are engulfed in a cloud of scalding steam.
You are engulfed in a cloud of scalding steam.
The wyvern is engulfed in a cloud of scalding steam.
The wyvern bites you but does no damage.
You climb upwards.
There is a stone staircase leading down here.
You take 14 damage, and have 27/69 hp.
MASSIVE DAMAGE!!
You hit the wyvern but do no damage.
The wyvern is lightly wounded.
The wyvern bites you!
* * * LOW HITPOINT WARNING * * *
You take 9 damage, and have 18/69 hp.
You punch the wyvern! You freeze the wyvern.
The wyvern is severely wounded.
The wyvern bites you!
* * * LOW HITPOINT WARNING * * *
The wyvern bites you!
You die...

#.#..####........................
..#....###.......................
.....#.# #.......................
.#####.###.......................
....##...........................
....######.......................
....# #.......................
.####### #......l................
.......# #######Y........#.#####.
.......####### #########.#.# #.
..........^..####### #.#.# #.
.............'.....# #.#.# #.
.............#####.# #.#.######
#............# #.# #.#......#
.............# #.# #.######.#
.............# #.# #.# #.#
.............# #.# #.# #.#


You could see a wyvern.

Vanquished Creatures
  Maggie (D:7)
  Psyche (D:8)
  A hornet (D:8)
  Sigmund (D:5)
  Eustachio (D:5)
  A wraith (D:6)
  A steam dragon (D:6)
  A water moccasin (D:7)
  A sky beast (D:8)
  A black bear (D:6)
  An ogre (D:4)
  3 centaurs
  Blork the orc (D:4)
  4 bullfrogs
  3 scorpions
  A necrophage (D:7)
  A howler monkey (D:6)
  A hound (D:5)
  4 jellies
  2 human zombies (Ossuary)
  An orc priest (D:8)
  2 orc wizards
  3 iguanas
  A hound zombie (Ossuary)
  4 mummies (Ossuary)
  7 adders
  A white imp (D:8)
  An adder zombie (Ossuary)
  A worm (D:5)
  3 dart slugs
  9 orcs
  7 bats
  3 endoplasms
  6 giant cockroaches
  3 gnoll zombies (Ossuary)
  3 goblins
  6 hobgoblins
  6 kobolds
  5 quokkas
  5 ball pythons
  4 frilled lizards
  A goblin zombie (Ossuary)
  2 hobgoblin zombies (Ossuary)
  2 kobold zombies (Ossuary)
  7 rats
124 creatures vanquished.

Vanquished Creatures (others)
  2 plants
2 creatures vanquished.

Grand Total: 126 creatures vanquished

Notes
Turn   | Place    | Note
-------+----------+-------------------------------------------
     0 | D:1      | Dirtsage the Octopode Transmuter began the quest for the
                  | Orb.
     0 | D:1      | Reached XP level 1. HP: 13/13 MP: 3/3
    59 | D:1      | Reached skill level 1 in Ice Magic
    59 | D:1      | Reached XP level 2. HP: 17/18 MP: 3/5
   302 | D:1      | Reached XP level 3. HP: 20/23 MP: 4/6
   306 | D:1      | Learned a level 2 spell: Wereblood
   508 | D:1      | Found a faded altar of an unknown god.
   900 | D:2      | Reached skill level 3 in Transmutations
  1674 | D:3      | Reached XP level 4. HP: 11/28 MP: 7/7
  2513 | D:4      | Learned a level 4 spell: Ice Form
  2517 | D:4      | Noticed a scorpion
  2569 | D:4      | Reached XP level 5. HP: 33/33 MP: 8/8
  2656 | D:4      | Reached skill level 4 in Transmutations
  2890 | D:4      | Got the Papyrus of the Phantasmal Crevasse
  2900 | D:4      | Noticed an ogre
  2951 | D:4      | Killed an ogre
  2952 | D:4      | Reached XP level 6. HP: 38/38 MP: 4/9
  3126 | D:4      | Reached skill level 5 in Transmutations
  3205 | D:4      | Noticed Blork the orc
  3222 | D:4      | Killed Blork the orc
  3223 | D:4      | Reached XP level 7. HP: 21/43 MP: 5/10
  3392 | D:5      | Entered Level 5 of the Dungeon
  3582 | D:5      | Reached skill level 5 in Ice Magic
  3701 | D:5      | Noticed Sigmund
  3716 | D:5      | Killed Sigmund
  3717 | D:5      | Reached skill level 6 in Transmutations
  3985 | D:5      | Found a runed translucent door.
  3988 | D:5      | Noticed ThereIsNoGod's ghost (novice OpFi)
  4115 | D:5      | Reached XP level 8. HP: 48/48 MP: 6/11
  4159 | D:5      | Noticed Eustachio
  4225 | D:5      | Killed Eustachio
  4246 | D:5      | Found a staircase to the Ecumenical Temple.
  4255 | Temple   | Entered the Ecumenical Temple
  4360 | Temple   | Became a worshipper of Elyvilon the Healer
  4583 | D:5      | Found a runed translucent door.
  4844 | D:6      | Noticed a wraith
  4855 | D:6      | Killed a wraith
  4862 | D:6      | Found a sand-covered staircase.
  4870 | Ossuary  | Entered an ossuary
  4876 | Ossuary  | Reached skill level 1 in Air Magic
  5087 | Ossuary  | Reached skill level 7 in Transmutations
  5390 | D:6      | Found a sacrificial altar of Ru.
  5393 | D:6      | Found a glowing golden altar of the Shining One.
  5398 | D:6      | Fell from the grace of Elyvilon
  5398 | D:6      | Became a worshipper of the Shining One
  5401 | D:6      | Found a hazy altar of Hepliaklqana.
  5403 | D:6      | Found an ancient bone altar of Kikubaaqudgha.
  5805 | D:6      | Found a shimmering blue altar of Sif Muna.
  5929 | D:7      | Reached skill level 1 in Conjurations
  5934 | D:7      | Reached XP level 9. HP: 56/56 MP: 12/12
  6149 | D:7      | Noticed Maggie
  6168 | D:7      | Killed Maggie
  6169 | D:7      | Reached skill level 5 in Unarmed Combat
  6296 | D:7      | Identified the +0 ring mail of Valiance {*Slow Int+4
                  | Stlth+}
  6700 | D:8      | Noticed a hornet
  6720 | D:8      | Paralysed by a hornet for 2 turns
  6736 | D:8      | Killed a hornet
  6815 | D:8      | Noticed Psyche
  6830 | D:8      | Killed Psyche
  7353 | D:8      | Learned a level 5 spell: Freezing Cloud
  7558 | D:8      | Slain by a wyvern

Illustrated notes

Levels and vault maps discovered:
D:1:      enne_arrival_octagon_isle, layout_rooms,
          shapermc_ecumenical_altar_ellora, kennysheep_flooded_box,
          minmay_misc_feat_alley
D:2:      layout_basic, minmay_pentomino_u4
D:3:      layout_basic, serial_forest, infiniplex_forest_clump_small,
          infiniplex_forest_clump_double, infiniplex_forest_clump_tiny,
          infiniplex_forest_zigzag_2, infiniplex_forest_clump_tiny,
          infiniplex_forest_end_1, infiniplex_forest_clump_curved
D:4:      layout_basic, skrybe_limestone_x, kennysheep_generic_room_10,
          uniq_blork_the_orc
D:5:      layout_basic, lemuel_temple_firewalk_a, ebering_ghost_sewer_f,
          roderic_lattice_a, uniq_eustachio, uniq_sigmund
D:6:      layout_loops_ring, tgw_sif, minitemple, nicolae_ossuary_entry_monument
D:7:      layout_loops_cross, minmay_misc_feat_four_crosses,
          chequers_serial_rivers_micro_d, feat_on_display, uniq_maggie
D:8:      layout_basic, uniq_psyche
D:9:      layout_roguey, lair_entry_dummy, david_orc_2, grunt_ministairs_2
Temple:   minmay_crystal_spiral_temple

Skill      XL: |  1  2  3  4  5  6  7  8  9 |
---------------+----------------------------+-----
Ice Magic      | 1 2 3 4 5 6 |  6.7
Transmutations | 3 4 5 6 7 |  7.3
Fighting       | 3 4 |  4.1
Air Magic      | 2 4 |  4.5
Unarmed Combat | 4 5 |  5.9
Conjurations   | 1 3 |  3.9
Dodging        | |  2.0
Spellcasting   | |  2.0

Action                   |  1- 3 |  4- 6 |  7- 9 || total
-------------------------+-------+-------+-------++-------
Melee: Unarmed           |   112 |    49 |   269 ||   430
       Kick              |    19 |    10 |    17 ||    46
       Constrict         |    27 |    11 |     9 ||    47
       Tentacles         |    18 |     8 |    14 ||    40
       Punch             |     3 |     1 |     4 ||     8
 Cast: Beastly Appendage |    14 |    11 |     8 ||    33
       Ice Form          |       |     4 |    23 ||    27
  Use: Scroll            |       |     2 |     6 ||     8
       Potion            |       |       |     2 ||     2
 Stab: Sleeping          |     4 |     4 |     4 ||    12
Armor: Skin              |     6 |     5 |   144 ||   155
Dodge: Dodged            |    54 |    30 |   154 ||   238

Table legend: (Time is in decaauts)
 A = Elapsed time spent in this place.
 B = Non-inter-level travel time spent in this place.
 C = Inter-level travel time spent in this place.
 D = Time resting spent in this place.
 E = Time spent auto-exploring this place.
 F = Levels seen in this place.
 G = Mean time per level.
                   A        B        C        D        E       F      G
               +--------+--------+--------+--------+--------+-----+--------+
         Total |   7517 |   7214 |    303 |     47 |   5933 |  11 |  683.4 |
       Dungeon |   7020 |   6803 |    217 |     47 |   5709 |   9 |  780.0 |
        Temple |    192 |    106 |     86 |      0 |     31 |   1 |  192.0 |
       Ossuary |    304 |    304 |      0 |      0 |    193 |   1 |  304.0 |
               +--------+--------+--------+--------+--------+-----+--------+

Top non-repeatable levels by time:
     D:5: 1140 daAuts
     D:2: 947 daAuts
     D:3: 916 daAuts
     D:8: 908 daAuts
     D:4: 882 daAuts
     D:6: 813 daAuts
     D:7: 773 daAuts
     D:1: 635 daAuts
 Ossuary: 304 daAuts
  Temple: 192 daAuts
     D:9: 3 daAuts
